 Dungeon Crawl Stone Soup version 0.27-a0-883-g39567a0c06 (webtiles) character file.

Game seed: 7442789024479044434

6 EnegeticOcto the Magician (level 1, -1/16 HPs)
             Began as a Djinni Conjurer on Apr 3, 2021.
             Slain by a goblin
             ... wielding a +0 dagger
              (2 damage)
             ... on level 1 of the Dungeon.
             The game lasted 00:00:56 (75 turns).

EnegeticOcto the Magician (Djinni Conjurer)           Turns: 75, Time: 00:00:57

Health: -1/16      AC:  2    Str:  6    XL:     1   Next: 90%
Gold:   0          EV: 16    Int: 19    God:
                   SH:  0    Dex: 11

rFire    + + .     SeeInvis .   (no weapon)
rCold    x . .     Faith    .   (no shield)
rNeg     . . .     Spirit   .   a - +0 robe
rPois    ∞         Reflect  .   (no helmet)
rElec    .         Harm     .   (no cloak)
rCorr    .         Rampage  .   (no gloves)
Will     .....                  (boots unavailable)
Stlth    ++........             (no amulet)
HPRegen  0.05/turn              c - +4 ring of evasion
MPRegen  0.00/turn              (no ring)

@: flying
A: fire resistance 2, cold vulnerability 1, float, innate caster, hp casting,
extra vitality 1
a: no special abilities


You were on level 1 of the Dungeon.
You visited 1 branch of the dungeon, and saw 1 of its levels.

Inventory:

Armour
 a - a +0 robe (worn)
Jewellery
 c - a +4 ring of evasion (left hand)
   (You found it on level 1 of the Dungeon)
Scrolls
 b - a scroll of enchant weapon {unknown}


   Skills:
 + Level 0.9 Fighting
 - Level 2.1 Dodging
 - Level 1.5 Stealth
 + Level 3.7 Spellcasting


You couldn't memorise any spells.
You knew the following spells:

 Your Spells              Type           Power      Damage    Failure   Level
a - Magic Dart            Conj           68%        1d6       3%          1
b - Searing Ray           Conj           34%        3d4       4%          2
c - Dazzling Flash        Conj/Hex       34%        N/A       9%          3
d - Fulminant Prism       Conj/Hex       8%         3d7       30%         4
e - Iskenderun's Mystic   Conj/Tloc      17%        2d5       30%         4
Your spell library was empty.

Dungeon Overview and Level Annotations

Branches:
Dungeon (1/15)

Altars:


Innate Abilities, Weirdness & Mutations

You are immune to poison.
Your flesh is very heat resistant. (rF++)
You are vulnerable to cold. (rC-)
You float through the air rather than walking.
You learn spells naturally, not from books.
Your magical power is your life essence.
You have superior vitality. (+4 HP)


Message History

Aim: a frilled lizard (0% to evade)
The magic dart hits the frilled lizard.
You kill the frilled lizard!
A kobold comes into view. It is wielding a +0 short sword.
The kobold shouts!
Found a stone staircase leading down.
A hobgoblin comes into view.
Found 8 gold pieces and a glass ring.
Casting: Magic Dart (safe; 3% risk of failure)
Confirm with . or Enter, or press ? or * to list all spells.
Aiming: Magic Dart (safe; 3% risk of failure)
Press: ? - help, Shift-Dir - straight line, f - kobold
Aim: a kobold, wielding a +0 short sword and quivering stones (0% to evade)
The magic dart hits the kobold.
You kill the kobold!
The hobgoblin shouts!
Casting: Magic Dart (safe; 3% risk of failure)
Confirm with . or Enter, or press ? or * to list all spells.
Aiming: Magic Dart (safe; 3% risk of failure)
Press: ? - help, Shift-Dir - straight line, f - hobgoblin
Aim: a hobgoblin (0% to evade)
The magic dart hits the hobgoblin.
The hobgoblin is severely wounded.
Casting: Magic Dart (safe; 3% risk of failure)
Confirm with . or Enter, or press ? or * to list all spells.
Aiming: Magic Dart (safe; 3% risk of failure)
Press: ? - help, Shift-Dir - straight line, f/p - hobgoblin
Aim: a hobgoblin (severely wounded, 0% to evade)
The magic dart hits the hobgoblin.
You kill the hobgoblin!
A quokka comes into view.
The quokka moves out of view.
c - a +4 ring of evasion
c - a +4 ring of evasion (left hand)
You see here a hobgoblin corpse.
Things that are here:
a +0 short sword; 5 stones; a kobold corpse A bat comes into view.
A goblin comes into view. It is wielding a +0 dagger.
Casting: Magic Dart (safe; 3% risk of failure)
Confirm with . or Enter, or press ? or * to list all spells.
Aiming: Magic Dart (safe; 3% risk of failure)
Press: ? - help, Shift-Dir - straight line, f - bat
Aim: a bat (0% to evade)
The magic dart hits the bat but does no damage.
The goblin shouts!
A jackal comes into view.
The bat hits you but does no damage.
Casting: Magic Dart (safe; 3% risk of failure)
Confirm with . or Enter, or press ? or * to list all spells.
Aiming: Magic Dart (safe; 3% risk of failure)
Press: ? - help, Shift-Dir - straight line, f/p - bat
Aim: a bat (0% to evade)
The magic dart hits the bat.
The bat is moderately wounded.
The bat closely misses you.
A jackal comes into view.
Casting: Magic Dart (safe; 3% risk of failure)
Confirm with . or Enter, or press ? or * to list all spells.
Aiming: Magic Dart (safe; 3% risk of failure)
Press: ? - help, Shift-Dir - straight line, f/p - bat
Aim: a bat (moderately wounded, 0% to evade)
The magic dart hits the bat.
You kill the bat!
The jackal barks!
Casting: Magic Dart (safe; 3% risk of failure)
Confirm with . or Enter, or press ? or * to list all spells.
Aiming: Magic Dart (safe; 3% risk of failure)
Press: ? - help, Shift-Dir - straight line, f - jackal
Aim: a jackal (0% to evade)
The magic dart hits the jackal.
The jackal is almost dead.
Casting: Magic Dart (safe; 3% risk of failure)
Confirm with . or Enter, or press ? or * to list all spells.
Aiming: Magic Dart (safe; 3% risk of failure)
Press: ? - help, Shift-Dir - straight line, f/p - jackal
Aim: a jackal (almost dead, 0% to evade)
The magic dart hits the jackal but does no damage.
The jackal is almost dead.
* * * LOW HITPOINT WARNING * * *
A kobold comes into view. It is wielding a +0 dagger.
A hobgoblin comes into view.
The jackal bites you.
* * * LOW HITPOINT WARNING * * *
Casting: Magic Dart (safe; 3% risk of failure)
Confirm with . or Enter, or press ? or * to list all spells.
Aiming: Magic Dart (safe; 3% risk of failure)
Press: ? - help, Shift-Dir - straight line, f/p - jackal
Aim: a jackal (almost dead, 0% to evade)
The magic dart hits the jackal.
You kill the jackal!
* * * LOW HITPOINT WARNING * * *
The jackal bites you.
* * * LOW HITPOINT WARNING * * *
Casting: Magic Dart (safe; 3% risk of failure)
Confirm with . or Enter, or press ? or * to list all spells.
You don't have enough health to cast this spell.
Unknown command.
The goblin hits you with a +0 dagger.
You die...

#......#.#.###.#....# ..
#......#............# ...
#......#.#.###.#....#
...##......#.#.#$#.#....#
#........#.#.###.#....#
#..........)..........#
#..........#.###.#....#
#........†.....g......#
#.............@h......#
#............>..#.....#
#...............#.....#
#...............#.....#
#...............#.......
#...............####..g..
#...############# ..K..
....# ..... .....#


You could see a jackal and a goblin.

Vanquished Creatures
  2 bats (D:1)
  A hobgoblin (D:1)
  A jackal (D:1)
  A frilled lizard (D:1)
  A kobold (D:1)
6 creatures vanquished.

Notes
Turn   | Place    | Note
-------+----------+-------------------------------------------
     0 | D:1      | EnegeticOcto the Djinni Conjurer began the quest for the
                  | Orb.
     0 | D:1      | Reached XP level 1. HP: 15/15 MP: 0/0
    75 | D:1      | Slain by a goblin

Illustrated notes

Levels and vault maps discovered:
D:1:      eino_arrival_cavern_c, layout_basic,
          shapermc_ecumenical_altar_notcrosses, serial_bayou_ford_a,
          minmay_surrounded

Action                   || total
-------------------------++-------
 Cast: Magic Dart        ||    14
Armor: Robe              ||     6
Dodge: Dodged            ||     4

Table legend: (Time is in decaauts)
 A = Elapsed time spent in this place.
 B = Non-inter-level travel time spent in this place.
 C = Inter-level travel time spent in this place.
 D = Time resting spent in this place.
 E = Time spent auto-exploring this place.
 F = Levels seen in this place.
 G = Mean time per level.
                   A        B        C        D        E       F      G
               +--------+--------+--------+--------+--------+-----+--------+
         Total |     74 |     74 |      0 |      0 |      0 |   1 |   74.0 |
       Dungeon |     74 |     74 |      0 |      0 |      0 |   1 |   74.0 |
               +--------+--------+--------+--------+--------+-----+--------+

Top non-repeatable levels by time:
     D:1: 74 daAuts
